 Dungeon Crawl Stone Soup version 0.31.0-11-ge490571c62 (webtiles) character file.

Game seed: 3664148584808305439

29088 Esekla the Thaumaturge (level 13, -1/117 HPs)
             Began as a Naga Wanderer on Jan 28, 2024.
             Was a Priest of Vehumet.
             Slain by an orc high priest
             ... wielding a +0 flail
              (12 damage)
             ... on level 1 of the Orcish Mines.
             The game lasted 01:32:43 (17812 turns).

Esekla the Thaumaturge (Naga Wanderer)             Turns: 17812, Time: 01:32:44

Health: -1/117     AC: 15    Str: 15    XL:     13   Next: 43%
Magic:  21/27      EV:  8    Int: 22    God:    Vehumet [***...]
Gold:   426        SH:  0    Dex:  9    Spells: 23/38 levels left

rFire   + + .        m - +3 spear "Huffosuk" {freeze, ^Fragile rF+ Int+3}
rCold   . . .        (no shield)
rNeg    . . .        d - +0 steam dragon scales
rPois   +            n - +1 hat
rElec   .            i - +0 cloak
rCorr   .            t - +1 Delatra's gloves {ID++}
SInv    +            v - +1 barding
Will    +....        (no amulet)
Stlth   +++          f - ring of protection from fire
HPRegen 0.39/turn    (no ring)
MPRegen 0.20/turn

%: no passive effects
@: short of breath, very slow
A: AC +4, large, see invisible, deformed body, poison resistance, slowness 2,
spit poison 1, naga tail 2, low MP 1, teleportitis 1
a: Spit Poison, Renounce Religion


You were on level 1 of the Orcish Mines.
You worshipped Vehumet.
Vehumet was most pleased with you.
You visited 4 branches of the dungeon, and saw 15 of its levels.

You collected 996 gold pieces.
You spent 570 gold pieces at shops.

Inventory:

Hand Weapons
 a - a +1 long sword of electrocution
 g - a +1 scimitar of protection
 h - a +4 falchion
 m - the +3 spear "Huffosuk" (weapon) {freeze, ^Fragile rF+ Int+3}
   (You found it on level 2 of the Dungeon)

   Int+3:     It affects your intelligence (+3).
   rF+:       It protects you from fire.
   ^Fragile:  It will be destroyed if unequipped.
 r - a +1 trident of freezing
 s - a +3 dagger
 H - a +1 great sword
 J - a +1 long sword of freezing
Missiles
 b - 22 boomerangs (quivered)
 e - 24 poisoned darts
 y - 16 javelins
 K - 4 curare-tipped darts
Armour
 d - +0 steam dragon scales (worn)
 i - a +0 cloak (worn)
 n - a +1 hat (worn)
 t - the +1 Delatra's gloves (worn) {ID++}
   (You found it on level 4 of the Dungeon)

   ID++:      It heals its wearer when they drink unknown potions, and restores
   their MP when they read unknown scrolls.
 v - a +1 barding (worn)
 G - a +2 robe of cold resistance
Jewellery
 f - a ring of protection from fire (left hand)
 j - a ring of fire
Wands
 u - a wand of quicksilver (9)
 z - a wand of iceblast (13)
 I - a wand of digging (7)
Scrolls
 c - 2 scrolls of silence
 k - 5 scrolls of identify
 l - 4 scrolls of fog {unknown}
 o - 2 scrolls of enchant weapon {unknown}
 p - 4 scrolls of teleportation
 q - a scroll of amnesia {unknown}
 x - 2 scrolls of noise {unknown}
 B - 2 scrolls of summoning {unknown}
 C - a scroll of enchant armour {unknown}
 F - a scroll of poison {unknown}
 L - a scroll of revelation
 M - 3 scrolls of fear
Potions
 w - 2 potions of curing
 A - a potion of magic
 E - a potion of might


   Skills:
 * Level 8.0 Fighting
 + Level 5.8 Polearms
 + Level 3.6 Throwing
 + Level 3.9 Dodging
 + Level 5.3 Stealth
 * Level 13.2 Spellcasting
 * Level 1.5 Conjurations
 + Level 9.6 Ice Magic
 * Level 1.4 Air Magic
 * Level 10.8 Alchemy
 + Level 1.0 Evocations


You had 23 spell levels left.
You knew the following spells:

 Your Spells              Type           Power      Damage    Failure   Level
a - Ozocubu's Armour      Ice            54%        N/A       1%          3
b - Freeze                Ice            100%       1d10      1%          1
e - Searing Ray           Conj           42%        2d6       1%          2
r - Frozen Ramparts       Ice            100%       1d16      1%          3
v - Mercury Vapours       Alch/Air       82%        N/A       1%          2
x - Olgreb's Toxic Radia  Alch           58%        N/A       1%          4

Your spell library contained the following spells:

 Spells                   Type           Power      Damage    Failure   Level
 Sting                    Conj/Alch      100%       1d9       1%          1


Dungeon Overview and Level Annotations

Branches:
Dungeon (10/15)            Temple (1/1) D:7            Lair (3/5) D:10
  Swamp (0/4) Lair:2        Snake (0/4) Lair:2          Orc (1/2) D:10

Altars:
Ashenzari
Cheibriados
Dithmenos
Elyvilon
Fedhas
Gozag
Hepliaklqana
Kikubaaqudgha
Makhleb
Nemelex Xobeh
Okawaru
Qazlal
Ru
Sif Muna
Trog
Uskayaw
Vehumet
Wu Jian
Xom
Yredelemnul
Zin
The Shining One

Shops:
D:7 (   D:8 [=([

Annotations:
D:8 Joseph


Innate Abilities, Weirdness & Mutations

Your serpentine skin is tough. (AC +4)
You have supernaturally acute eyesight. (SInv)
Armour fits poorly on your strangely shaped body.
Your system is resistant to poisons. (rPois)
You cover ground very slowly.
You can spit poison.
You can use your snake-like lower body to constrict enemies.
Your magical capacity is low. (-10% MP)
You are occasionally teleported next to monsters.


Message History

The smoke demon hits you.
Casting: Olgreb's Toxic Radiance (safe; 1% risk of failure)
Confirm with . or Enter, or press ? or * to list all spells.
You begin to radiate toxic energy.
The orc knight looks even sicker.
You kill the orc wizard!
Vehumet accepts your kill.
You feel your power returning.
The orc high priest calls upon Beogh to heal the orc knight.
The orc knight is healed somewhat.
The smoke demon hits you but does no damage. x3
You miss the orc high priest. You grab the orc high priest.
The orc high priest is heavily wounded.
The orc high priest looks as sick as possible!
You constrict the orc high priest.
The orc knight hits you from afar with a +0 bardiche!!
* * * LOW HITPOINT WARNING * * *
The orc high priest mumbles some strange prayers to Beogh against you.
Beogh smites you!
* * * LOW HITPOINT WARNING * * *
The smoke demon hits you but does no damage. x2
The smoke demon barely misses you.
Press: ? - help, v - describe, . - travel
Here: an orc knight, wielding a +0 bardiche and wearing a +0 plate armour (lightly wounded, very poisoned)
The floor.
Okay, then.
Unknown command.
You feel better.
Your toxic aura wanes.
You constrict the orc high priest.
An orc wizard comes into view. It is wielding a +0 dagger.
The orc knight hits you from afar with a +0 bardiche!!
* * * LOW HITPOINT WARNING * * *
The orc high priest utters an invocation to Beogh.
The smoke demon hits you.
* * * LOW HITPOINT WARNING * * *
The smoke demon hits you but does no damage.
The smoke demon closely misses you.
You feel better.
You constrict the orc high priest.
The orc high priest hits you with a +0 flail!
You die...

.. ##...## .
#.##.....# ##
..##..#.....##.##
...........$...#
#...#........##
..#.....))#.....#
........))##...#
#...)@.#.)...##
....#
#...o3.)).....#
....#
....4..o.......##
...##
.#.§§..4....>...#
...#
.o#≈§§§.........#
....§ .
#§≈§§...)....##
....≈
#§§§≈.........#
....≈
#o§≈§§........#
.####........##


You could see an orc knight (very poisoned), an orc high priest (strong,
extremely poisoned), an orange demon (summoned), a smoke demon (summoned), a red
devil (summoned) and an orc wizard.

Vanquished Creatures
  Gastronok (Lair:1)
  2 hydras (Lair:2)
  A catoblepas (Lair:3)
  A two-headed ogre (D:10)
  Urug (Lair:3)
  Nergalle (Lair:3)
  Sonja (D:10)
  Amaemon (Lair:3)
  Pikel (D:5)
  3 black mambas
  8 cane toads
  Jeremiah (D:7)
  A komodo dragon (Lair:3)
  An orange demon (Lair:3)
  2 rime drakes (Lair:2)
  An unseen horror (D:10)
  Psyche (D:9)
  3 trolls
  2 tyrant leeches (Lair:2)
  Prince Ribbit (D:6)
  5 blink frogs (Lair:3)
  5 dream sheep (Lair:3)
  A shadow (D:9)
  3 wyverns
  42 yaks
  5 basilisks
  A warg (D:10)
  A swamp worm (Lair:2)
  5 steam dragons
  3 nagas (Lair:2)
  2 acid dragons (D:8)
  8 water moccasins
  A sky beast (D:7)
  A black bear (D:8)
  3 orc warriors (Orc:1)
  17 wolves
  A lemure (D:5)
  An ogre (Orc:1)
  A centaur (D:9)
  A phantom (D:5)
  A gnoll sergeant (D:6)
  7 bullfrogs
  5 scorpions
  11 wights
  10 killer bees
  6 howler monkeys
  3 electric eels
  3 jellies
  4 bombardier beetles
  A hound (D:5)
  6 orc priests
  A gnoll bouda (D:7)
  A sleepcap (D:6)
  Crazy Yiuf (D:7)
  Terence (D:3)
  3 iguanas (D:5)
  Ijyb (D:5)
  10 orc wizards
  15 gnolls
  7 adders
  A shadow imp (D:6)
  A white imp (D:5)
  2 ufetubi (D:5)
  4 dart slugs
  24 orcs
  9 endoplasms
  2 giant cockroaches (D:1)
  14 goblins
  5 hobgoblins
  4 jackals (D:4)
  5 quokkas
  7 ball pythons
  A bat (D:3)
  3 frilled lizards
  10 kobolds
  3 rats
333 creatures vanquished.

Notes
Turn   | Place    | Note
-------+----------+-------------------------------------------
     0 | D:1      | Esekla the Naga Wanderer began the quest for the Orb.
     0 | D:1      | Esekla set off with the following items: a +0 dagger, 8
                  | boomerangs, a scroll of silence, a potion of might, a +0
                  | leather armour; and the following spell memorised: Freeze;
                  | and the following spells available to memorise: Frozen
                  | Ramparts, Ozocubu's Armour.
     0 | D:1      | Reached XP level 1. HP: 15/15 MP: 3/3
   145 | D:1      | Reached XP level 2. HP: 21/22 MP: 5/5
   637 | D:1      | Reached XP level 3. HP: 19/30 MP: 6/6
   641 | D:1      | Learned a level 3 spell: Ozocubu's Armour
   807 | D:1      | Found a faded altar of an unknown god.
  1091 | D:2      | Reached skill level 1 in Fighting
  1238 | D:2      | Identified the +3 spear "Huffosuk" {freeze, ^Fragile rF+
                  | Int+3}
  1819 | D:3      | Reached XP level 4. HP: 38/38 MP: 7/7
  1823 | D:3      | Learned a level 3 spell: Frozen Ramparts
  1831 | D:3      | Noticed Terence
  1849 | D:3      | Killed Terence
  2177 | D:3      | Reached XP level 5. HP: 43/45 MP: 1/9
  3188 | D:4      | Found the +1 Delatra's gloves {ID++}
  3283 | D:4      | Reached skill level 3 in Spellcasting
  3288 | D:4      | Reached skill level 1 in Alchemy
  3288 | D:4      | Reached XP level 6. HP: 42/52 MP: 9/11
  3291 | D:4      | Reached skill level 5 in Ice Magic
  3503 | D:4      | Reached skill level 1 in Polearms
  3802 | D:5      | Entered Level 5 of the Dungeon
  3824 | D:5      | Reached XP level 7. HP: 60/61 MP: 5/12
  4006 | D:5      | Reached skill level 4 in Spellcasting
  4318 | D:5      | Noticed Ijyb
  4334 | D:5      | Killed Ijyb
  4402 | D:5      | Noticed Pikel
  4493 | D:5      | Reached skill level 1 in Dodging
  4760 | D:5      | Learned a level 4 spell: Olgreb's Toxic Radiance
  4763 | D:5      | Learned a level 2 spell: Mercury Vapours
  4885 | D:5      | Reached XP level 8. HP: 68/69 MP: 12/15
  4949 | D:5      | Killed Pikel
  4950 | D:5      | Reached skill level 5 in Spellcasting
  5584 | D:6      | Reached XP level 9. HP: 78/78 MP: 8/17
  5698 | D:6      | Reached skill level 6 in Spellcasting
  5753 | D:6      | Reached skill level 5 in Alchemy
  6405 | D:6      | Found a broken altar of Ashenzari.
  6602 | D:7      | Noticed Prince Ribbit
  6613 | D:6      | Gained mutation: You are occasionally teleported next to
                  | monsters. [potion of mutation]
  6613 | D:6      | Gained mutation: Your magical capacity is low. (-10% MP)
                  | [potion of mutation]
  6623 | D:6      | Killed Prince Ribbit
  6732 | D:7      | Noticed Jeremiah
  6740 | D:7      | Killed Jeremiah
  6741 | D:7      | Reached skill level 7 in Spellcasting
  6907 | D:7      | Found a staircase to the Ecumenical Temple.
  6916 | Temple   | Entered the Ecumenical Temple
  6964 | Temple   | Became a worshipper of Vehumet
  7049 | D:7      | Found Fanideof's Weapon Emporium.
  7311 | D:7      | Found a runed translucent door.
  7312 | D:7      | Noticed Crazy Yiuf
  7319 | D:7      | Killed Crazy Yiuf
  7387 | D:8      | Reached XP level 10. HP: 87/87 MP: 12/19
  7391 | D:8      | Found Beriytio's Jewellery Boutique.
  7618 | D:8      | Found Jowkudgh's Antique Armour Shoppe.
  7645 | D:8      | Reached skill level 8 in Spellcasting
  7726 | D:8      | Reached skill level 5 in Fighting
  7916 | D:8      | Noticed Joseph
  7958 | D:8      | Found Qyrhym's Antique Weapon Shop.
  8179 | D:8      | Found a stormy altar of Qazlal.
  8343 | D:8      | Found a hazy altar of Hepliaklqana.
  8604 | D:8      | Found Vini's Armour Boutique.
  9256 | D:9      | Noticed Psyche
  9499 | D:9      | Reached skill level 9 in Spellcasting
  9838 | D:9      | Killed Psyche
 10382 | D:9      | Reached XP level 11. HP: 96/96 MP: 12/22
 10391 | D:9      | Reached skill level 10 in Spellcasting
 10697 | D:9      | Reached skill level 5 in Stealth
 10784 | D:10     | Entered Level 10 of the Dungeon
 10809 | D:10     | Noticed Sonja
 10819 | D:10     | Killed Sonja
 11129 | D:10     | Found a staircase to the Lair.
 11510 | D:10     | Noticed a two-headed ogre
 11520 | D:10     | Killed a two-headed ogre
 11520 | D:10     | Reached * piety under Vehumet
 11520 | D:10     | Offered knowledge of Magic Dart by Vehumet.
 11822 | D:10     | Found a staircase to the Orcish Mines.
 12002 | Lair:1   | Entered Level 1 of the Lair of Beasts
 12669 | Lair:1   | Noticed Gastronok
 12696 | Lair:1   | Killed Gastronok
 12697 | Lair:1   | Reached skill level 11 in Spellcasting
 12956 | Lair:1   | You fall into a shaft and drop 1 floor!
 13169 | Lair:2   | Found a staircase to the Swamp.
 13170 | Lair:2   | Noticed a five-headed hydra
 13185 | Lair:2   | Reached XP level 12. HP: 57/106 MP: 14/24
 13232 | Lair:2   | Noticed a seven-headed hydra
 13239 | Lair:2   | Killed a seven-headed hydra
 13966 | Lair:2   | Reached ** piety under Vehumet
 13966 | Lair:2   | Offered knowledge of Kiss of Death by Vehumet.
 14260 | Lair:2   | Reached skill level 5 in Polearms
 14287 | Lair:2   | Found a staircase to the Snake Pit.
 14815 | Lair:2   | Reached skill level 12 in Spellcasting
 14893 | Lair:2   | Killed a five-headed hydra
 15241 | D:8      | Bought a runed battleaxe for 256 gold pieces
 15242 | D:8      | Bought a runed scimitar for 189 gold pieces
 15261 | D:8      | Bought a runed robe for 125 gold pieces
 15365 | Lair:3   | Noticed Amaemon
 15389 | Lair:3   | Killed Amaemon
 15700 | Lair:3   | Reached skill level 10 in Alchemy
 15721 | Lair:3   | Gained mutation: You can use your snake-like lower body to
                  | constrict enemies. [Naga growth]
 15721 | Lair:3   | Reached XP level 13. HP: 114/117 MP: 17/26
 15802 | Lair:3   | Offered knowledge of Searing Ray by Vehumet.
 15806 | Lair:3   | Learned a level 2 spell: Searing Ray
 15868 | Lair:3   | Noticed Nergalle
 15980 | Lair:3   | Killed Nergalle
 16335 | Lair:3   | Reached skill level 13 in Spellcasting
 16518 | Lair:3   | Noticed Urug
 16535 | Lair:2   | Reached *** piety under Vehumet
 16916 | Lair:3   | Reached skill level 1 in Conjurations
 16919 | Lair:3   | Reached skill level 1 in Air Magic
 16998 | Lair:3   | HP: 3/117 [Urug/+0 broad axe of electrocution (13)]
 16999 | Lair:3   | Killed Urug
 17706 | Orc:1    | Entered Level 1 of the Orcish Mines
 17811 | Orc:1    | HP: 5/117 [orc knight/+0 bardiche (21)]
 17811 | Orc:1    | HP: 2/117 [smoke demon[an orc high priest] (3)]
 17812 | Orc:1    | Slain by an orc high priest

Illustrated notes

Levels and vault maps discovered:
D:1:      minmay_arrival_solitary_statue, layout_rooms,
          hellmonk_ecumenical_altar_inner_sanctum, serial_bayou_pond_e,
          minmay_misc_feat_x, minmay_hexomino_f4
D:2:      layout_basic
D:3:      layout_basic, uniq_terence
D:4:      layout_basic, supply_closet_lemuel
D:5:      minmay_general_purpose_star, layout_basic, uniq_ijyb, uniq_pikel
D:6:      layout_basic, lemuel_tele_altar
D:7:      layout_cave_pools, minmay_temple_entry_arrows, serial_shops, shop,
          uniq_jeremiah, uniq_crazy_yiuf_cottage, uniq_prince_ribbit1
D:8:      layout_layer_cave, mainiacjoe_overflow_brackets, kennysheep_mini,
          serial_shops, nicolae_shop_rolling_square, shop, shop,
          nicolae_shop_temple_entry_statues_fountains, uniq_joseph
D:9:      layout_long_grid, minmay_misc_feat_room, dreamdust_princess_corridor,
          uniq_psyche
D:10:     nicolae_cairo_tiling, layout_stronghold, erik_lair_orcish_takeover,
          orc_0_dummy, kennysheep_generic_room_3, uniq_sonja
Temple:   hellmonk_temple_of_storms
Lair:1:   layout_roguey, infiniplex_staircase_pool, serial_bayou_shore_b,
          wad_woods_river_01, uniq_gastronok
Lair:2:   layout_roguey, minmay_swamp_entry_worms, nicolae_snake_entry_squirm
Lair:3:   layout_gridlike, serial_bayou_shore_a, grunt_megastairs_5,
          infiniplex_staircase_pool_2, serial_bayou_shore_b, uniq_amaemon,
          uniq_urug, uniq_nergalle
Orc:1:    layout_caves, guppyfry_orc_lava_fort

Skill      XL: |  1  2  3  4  5  6  7  8  9 10 11 12 13 |
---------------+----------------------------------------+-----
Throwing       | 2 3 |  3.6
Stealth        | 2 3 4 5 |  5.3
Fighting       | 1 2 3 4 5 6 7 8 |  8.0
Spellcasting   | 3 4 5 7 9 11 12 13 | 13.2
Alchemy        | 1 3 4 6 7 8 10 | 10.8
Ice Magic      | 5 6 7 8 9 |  9.6
Polearms       | 1 2 3 4 5 |  5.8
Dodging        | 1 2 3 |  3.9
Conjurations   | 1 |  1.5
Air Magic      | 1 |  1.4
Evocations     | |  1.0

Action                     |  1- 3 |  4- 6 |  7- 9 | 10-12 | 13-15 || total
---------------------------+-------+-------+-------+-------+-------++-------
  Melee: Dagger            |    22 |       |       |       |       ||    22
         Spear             |     7 |    68 |   126 |   344 |    65 ||   610
         Punch             |       |       |     1 |     5 |     2 ||     8
         Unarmed           |       |       |       |     5 |       ||     5
         Constrict         |       |       |       |       |    10 ||    10
  Throw: Boomerang         |    24 |    11 |     2 |    15 |     3 ||    55
         Dart              |       |     3 |    13 |       |       ||    16
   Cast: Freeze            |    13 |     2 |       |       |       ||    15
         Frozen Ramparts   |       |    10 |    33 |    53 |    12 ||   108
         Ozocubu's Armour  |       |     7 |    28 |    46 |    13 ||    94
         Olgreb's Toxic Ra |       |       |     9 |    45 |    17 ||    71
Ability: Spit Poison       |    32 |    15 |    24 |    11 |     5 ||    87
  Evoke: Wand              |       |       |     2 |     1 |       ||     3
    Use: Scroll            |       |     2 |     1 |       |     2 ||     5
         Potion            |       |     1 |     7 |     6 |     5 ||    19
   Stab: Sleeping          |     5 |     2 |     5 |     2 |       ||    14
         Distracted        |       |       |       |     1 |       ||     1
 Armour: Leather armour    |     7 |       |       |       |       ||     7
         Robe              |    17 |    59 |   122 |       |       ||   198
         Steam dragon scal |       |       |    16 |   417 |   186 ||   619
         Skin              |       |       |       |    19 |       ||    19
  Dodge: Dodged            |    14 |    32 |    44 |   160 |    56 ||   306
